 Dungeon Crawl Stone Soup version 0.30-a0-723-gc1506a1cf0 (webtiles) character file.

Game seed: 11137233860215543919

103 ASSMAN the Poker (level 4, -2/35 HPs)
             Began as a Merfolk Delver on Jan 29, 2023.
             Slain by Terence
             ... wielding a +0 flail
              (8 damage)
             ... on level 3 of the Dungeon.
             The game lasted 00:03:53 (2227 turns).

ASSMAN the Poker (Merfolk Delver)                   Turns: 2227, Time: 00:03:54

Health: -2/35      AC:  4    Str: 11 (14) XL:     4   Next: 79%
Magic:  4/4        EV: 12    Int:  8 (9)  God:
Gold:   165        SH:  0    Dex: 14 (15) Spells: 3/3 levels left

rFire   . . .      SeeInvis .    m - +0 trident
rCold   . . .      Faith    .    (no shield)
rNeg    . . .      Spirit   .    b - +0 leather armour
rPois   .          Reflect  .    k - +0 helmet
rElec   .          Harm     .    (no cloak)
rCorr   .          Rampage  .    (no gloves)
Will    .....                    (no boots)
Stlth   +++                      (no amulet)
HPRegen 0.25/turn                (no ring)
MPRegen 0.09/turn                (no ring)

@: no status effects
A: (nimble swimmer 2), mertail
a: no special abilities


You were on level 3 of the Dungeon.
You visited 1 branch of the dungeon, and saw 4 of its levels.

You collected 165 gold pieces.

Inventory:

Hand Weapons
 m - a +0 trident (weapon)
Armour
 b - a +0 leather armour (worn)
 i - a +0 kite shield
 k - a +0 helmet (worn)
Wands
 g - a wand of digging (3)
 o - a wand of flame (24)
Scrolls
 c - a scroll of fog
 d - 2 scrolls of magic mapping
 e - 2 scrolls of fear
 f - a scroll of teleportation
 h - a scroll of identify
 l - a scroll of enchant weapon {unknown}
 n - a scroll of silence {unknown}
Potions
 a - a potion of lignification {unknown}
 j - a potion of curing


   Skills:
 - Level 3.2 Fighting
 + Level 6.4 Polearms
 - Level 2.6 Dodging
 - Level 5.4 Stealth


You had 3 spell levels left.
You didn't know any spells.
Your spell library contained the following spells:

 Spells                   Type           Power      Damage    Failure   Level
 Conjure Ball Lightning   Conj/Air       0%         3x3d6     100%        6
 Discord                  Hex            0%         N/A       100%        8
 Disjunction              Tloc           0%         N/A       100%        8


Dungeon Overview and Level Annotations

Branches:
Dungeon (5/15)
 Temple: D:4-7

Altars:

Annotations:
D:3 2 runed translucent doors, Terence; Valagong's ghost, weakling MiFi


Innate Abilities, Weirdness & Mutations

((You are very nimble when in or above water. (Stealth+, EV+, Speed+++)))
Your lower body shifts to a powerful aquatic tail in water.


Message History

Things that are here:
a staff of poison; 6 stones; a +0 robe Terence shouts!
Terence shouts, "Get ready for death!"
Terence is nearby!
You reach to attack!
You hit Terence.
Terence is lightly wounded.
You puncture Terence!
Terence is moderately wounded.
Terence hits you with a +0 flail.
You hit Terence.
Terence is heavily wounded.
Terence hits you with a +0 flail.
You barely miss Terence.
Terence is heavily wounded.
Terence hits you with a +0 flail!
You are too injured to fight recklessly!
You hit Terence.
Terence is heavily wounded.
Terence hits you with a +0 flail.
You closely miss Terence.
Terence is heavily wounded.
Terence misses you.
You hit Terence but do no damage.
Terence is heavily wounded.
Terence completely misses you.
You barely miss Terence.
Terence is heavily wounded.
Terence closely misses you.
You hit Terence but do no damage.
Terence is heavily wounded.
Terence closely misses you.
You hit Terence but do no damage.
Terence is heavily wounded.
Terence hits you with a +0 flail!
* * * LOW HITPOINT WARNING * * *
You hit Terence but do no damage.
Terence is heavily wounded.
Terence hits you with a +0 flail!
You die...

#.# ##........#..##.#.##..@.
#.# #..)........###...##....
#.# #...........###.####....
#.# #..............†.# #....
#.# #.......##.....#.# #....
###.###.........#....#.###....
#.....##.........#..#(.##...).
#.....###...@....###).....###.
#.....# #####@..###.......# ##
#.....# ##..#..#.......# #
#.....# #..#....#......#
#.....######.|#.....##....#
#####..................##.####
#######....####.^..##.....
####.#### #.##........ ##....#
##.#########+ ####..#### #..#
#~~


You could see Terence.

Vanquished Creatures
  4 adders
  2 worms (D:3)
  A dart slug (D:2)
  5 orcs (D:3)
  A giant cockroach (D:3)
  4 goblins
  4 hobgoblins
  4 jackals (D:4)
  6 kobolds
  7 quokkas
  7 ball pythons
  5 bats
  2 frilled lizards
  A rat (D:3)
53 creatures vanquished.

Notes
Turn   | Place    | Note
-------+----------+-------------------------------------------
     0 | D:5      | ASSMAN the Merfolk Delver began the quest for the Orb.
     0 | D:5      | Reached XP level 1. HP: 18/18 MP: 1/1
    10 | D:5      | Noticed an ogre
    70 | D:4      | Reached skill level 3 in Polearms
   148 | D:4      | Reached XP level 2. HP: 14/24 MP: 2/2
   345 | D:3      | Reached skill level 4 in Polearms
   431 | D:3      | Reached XP level 3. HP: 19/29 MP: 3/3
   690 | D:3      | Noticed Terence
   735 | D:3      | HP: 1/29 [quokka (2)]
   741 | D:2      | Reached skill level 5 in Polearms
  1450 | D:2      | Reached XP level 4. HP: 35/35 MP: 4/4
  1729 | D:3      | Reached skill level 6 in Polearms
  2010 | D:3      | Found a runed translucent door.
  2011 | D:3      | Noticed Valagong's ghost (weakling MiFi)
  2031 | D:3      | Found a runed translucent door.
  2227 | D:3      | Slain by Terence

Illustrated notes

Levels and vault maps discovered:
D:2:      layout_basic
D:3:      layout_rooms, ebering_ghost_sewer_f, minmay_misc_feat_chi,
          minmay_pentangle, uniq_terence
D:4:      minmay_octagon_keep, layout_basic,
          grunt_temple_overflow_order_and_chaos_1,
          eino_small_chamber_without_monster
D:5:      layout_loops_ring, serial_shops, kennysheep_mini_moat

Skill      XL: |  1  2  3  4 |
---------------+-------------+-----
Polearms       | 3 4 5 6 |  6.4
Fighting       | |  3.2
Dodging        | |  2.6
Stealth        | |  5.4

Action                     |  1- 3 |  4- 6 || total
---------------------------+-------+-------++-------
  Melee: Spear             |   149 |       ||   149
         Punch             |     2 |       ||     2
         Trident           |    16 |    76 ||    92
    Use: Potion            |     2 |       ||     2
         Scroll            |       |     3 ||     3
   Stab: Sleeping          |    11 |     8 ||    19
         Distracted        |     1 |     1 ||     2
 Armour: Leather armour    |    30 |    16 ||    46
  Dodge: Dodged            |    88 |    29 ||   117

Table legend: (Time is in decaauts)
 A = Elapsed time spent in this place.
 B = Non-inter-level travel time spent in this place.
 C = Inter-level travel time spent in this place.
 D = Time resting spent in this place.
 E = Time spent auto-exploring this place.
 F = Levels seen in this place.
 G = Mean time per level.
                   A        B        C        D        E       F      G
               +--------+--------+--------+--------+--------+-----+--------+
         Total |   2187 |   2172 |     15 |    404 |   1309 |   4 |  546.8 |
       Dungeon |   2187 |   2172 |     15 |    404 |   1309 |   4 |  546.8 |
               +--------+--------+--------+--------+--------+-----+--------+

Top non-repeatable levels by time:
     D:3: 1016 daAuts
     D:2: 914 daAuts
     D:4: 244 daAuts
     D:5: 13 daAuts
